 Dungeon Crawl Stone Soup version 0.18.1-5-g4a78601 (webtiles) character file.

21 epen the Ruffian (level 2, 0/24 HPs)
             Began as a Ghoul Gladiator on May 13, 2016.
             Slain by a rat (3 damage)
             ... on level 1 of the Dungeon.
             The game lasted 00:01:02 (327 turns).

epen the Ruffian (Ghoul Gladiator)                   Turns: 327, Time: 00:01:02

Health: 0/24       AC:  4    Str: 18    XL:     2   Next: 87%
Magic:  1/1        EV: 12    Int: -1    God:
Gold:   41         SH:  0    Dex:  9    Spells: 0 memorised, 1 level left

rFire  . . .     SeeInvis .       - Unarmed
rCold  + . .     Gourm    .     a - +0 leather armour
rNeg   + + +     Faith    .     (no shield)
rPois  ∞         Spirit   .     b - +0 helmet
rElec  .         Dismiss  .     (no cloak)
rCorr  .         Reflect  .     (no gloves)
SustAt .         Harm     .     (no boots)
MR     .....                    f - amulet of inaccuracy (curse)
Stlth  +.........               (no ring)
                                g - -4 ring of intelligence (curse)

@: rotting, slowed, lost intelligence, very slow, not resistant to hostile
enchantments, very unstealthy
A: rotting body, claws 1, carnivore 3, cold resistance 1, negative energy
resistance 3, slow regeneration 1, torment resistance, unbreathing
a: no special abilities


You were on level 1 of the Dungeon.
You were not hungry.

You visited 1 branch of the dungeon, and saw 1 of its levels.

You collected 41 gold pieces.

Inventory:

Missiles
 c - 3 throwing nets (quivered)
Armour
 a - a +0 leather armour (worn)
 b - a +0 helmet (worn)
Jewellery
 f - a cursed amulet of inaccuracy (around neck)
 g - a cursed -4 ring of intelligence (left claw)
Scrolls
 e - a scroll of immolation {unknown}
 h - 2 scrolls of identify {unknown}
 j - a scroll of noise {unknown}
Comestibles
 d - a meat ration
 i - a beef jerky


   Skills:
 + Level 2.2 Fighting
 - Level 1.7 Throwing
 + Level 0.8 Armour
 * Level 3.1 Dodging
 * Level 3.7 Unarmed Combat


You had one spell level left.
You didn't know any spells.

Dungeon Overview and Level Annotations

Branches:
Dungeon (1/15)

Altars:


Innate Abilities, Weirdness & Mutations

Your body is rotting away.
You thrive on raw meat.
You are immune to poison.
You have sharp fingernails.
You are carnivorous and can eat meat at any time.
Your flesh is cold resistant.
You are immune to negative energy.
You regenerate slowly when monsters are visible.
You are immune to unholy pain and torment.
You can survive without breathing.


Message History

The jackal barely misses you.
The jackal bites you but does no damage.
You miss the jackal.
The jackal is severely wounded.
The jackal barely misses you. The rat bites you but does no damage.
The jackal bites you.
* * * LOW HITPOINT WARNING * * *
The jackal barely misses you. The rat barely misses you.
You claw the jackal!
You kill the jackal!
The bat closely misses you. The jackal bites you.
* * * LOW HITPOINT WARNING * * *
The jackal barely misses you. The rat bites you but does no damage.
You barely miss the kobold. The jackal barely misses you.
The kobold closely misses you. The rat misses you.
The jackal bites you but does no damage.
The kobold barely misses you.
You completely miss the kobold. The jackal barely misses you.
The rat bites you.
You die...

#..........##.....
#..........#......
#..........†......
#.........†.......
##........#.......
##........#.......
#.................
#...............).
#@.........#.>....
#...rKh........#......
.......b.........#.#####
.................#.#
.##............#.#
#..........###...##
#..................###
#................#....
.....# #..


You could see a jackal, a bat, a kobold and a rat.

Vanquished Creatures
  A dart slug (D:1)
  A bat (D:1)
  A giant cockroach (D:1)
  A hobgoblin (D:1)
  2 jackals (D:1)
  A ball python (D:1)
  2 giant newts (D:1)
  5 goblins (D:1)
  2 kobolds (D:1)
  3 rats (D:1)
19 creatures vanquished.

Notes
Turn   | Place    | Note
--------------------------------------------------------------
     0 | D:1      | epen the Ghoul Gladiator began the quest for the Orb.
     0 | D:1      | Reached XP level 1. HP: 17/17 MP: 0/0
    83 | D:1      | Lost intelligence.
   103 | D:1      | Reached XP level 2. HP: 9/24 MP: 1/1
   327 | D:1      | Slain by a rat

Skill      XL: |  1 |
---------------+----+-----
Dodging        | 3 |  3.1
Fighting       | |  2.2
Throwing       | |  1.7
Armour         | |  0.8
Unarmed Combat | |  3.7

Action                   || total
-------------------------++-------
Melee: Unarmed           ||    59
  Eat: Chunk             ||     5
Armor: Leather armour    ||    45
Dodge: Dodged            ||    73
